 Dungeon Crawl Stone Soup version 0.24.0-37-gcf1ca852f1 (webtiles) character file.

Game seed: 3279310483014682453, levelgen mode: deterministic

63 Delamore the Chopper (level 4, -1/39 HPs)
             Began as a Hill Orc Fighter on Nov 25, 2019.
             Slain by a worm (6 damage)
             ... on level 3 of the Dungeon.
             The game lasted 00:01:58 (1626 turns).

Delamore the Chopper (Hill Orc Fighter)             Turns: 1626, Time: 00:02:00

Health: -1/39      AC:  6    Str: 19    XL:     4   Next: 9%
Magic:  4/4        EV:  7    Int:  8    God:
Gold:   138        SH:  9    Dex: 10    Spells: 3/3 levels left

rFire    . . .     SeeInvis .   a - +0 war axe
rCold    . . .     Gourm    .   c - +0 shield
rNeg     . . .     Faith    .   b - +0 scale mail
rPois    .         Spirit   .   (no helmet)
rElec    .         Reflect  .   (no cloak)
rCorr    .         Harm     .   (no gloves)
MR       .....                  (no boots)
Stlth    ..........             (no amulet)
HPRegen  0.13/turn              (no ring)
MPRegen  0.09/turn              (no ring)

@: no status effects
A: no striking features
a: no special abilities


You were on level 3 of the Dungeon.
You were hungry.

You visited 1 branch of the dungeon, and saw 3 of its levels.

You collected 138 gold pieces.

Inventory:

Hand Weapons
 a - a +0 war axe (weapon)
Armour
 b - a +0 scale mail (worn)
 c - a +0 shield (worn)
Wands
 o - a wand of disintegration (19)
Scrolls
 e - 2 scrolls of identify {unknown}
 g - 3 scrolls of teleportation {unknown}
 n - a scroll of enchant armour {unknown}
 p - a scroll of remove curse {unknown}
Potions
 d - a potion of might
 h - a potion of brilliance {unknown}
 i - a potion of lignification {unknown}
 j - 3 potions of mutation {unknown}
 k - a potion of resistance {unknown}
 l - a potion of degeneration {unknown}
Comestibles
 f - 3 rations
 m - a chunk of flesh


   Skills:
 - Level 3.6 Fighting
 + Level 5.7 Axes
 - Level 3.2 Armour
 - Level 3.2 Shields


You had 3 spell levels left.
You didn't know any spells.
Your spell library was empty.

Dungeon Overview and Level Annotations

Branches:
Dungeon (3/15)

Altars:
Cheibriados
Trog


Message History

You barely miss the rat. You hit the worm but do no damage.
You block the rat's attack. x2; The worm bites you!
You closely miss the rat.
The rat is severely wounded.
You hit the worm but do no damage. You slash the rat!
You kill the rat!
The rat bites you but does no damage. The worm bites you but does no damage.
The rat bites you but does no damage.
You closely miss the rat.
The rat is severely wounded.
You barely miss the worm. The rat barely misses you.
The worm barely misses you. The rat bites you.
Unknown command.
You are feeling hungry.
You slash the rat!
You kill the rat!
You hit the worm but do no damage. The worm bites you!
* * * LOW HITPOINT WARNING * * *
The worm bites you.
You die...

#############.####..
###....#######.....###
##.......##.........#
#.........##........#
##....#....##.########
#.)..###...##(#
#.._.#y#......#
#))..###...####
#....#@...#
#....w††..#
##)......## ###....##
######


You could see a moth of wrath and a worm (berserk).

Vanquished Creatures
  3 worms
  A dart slug (D:1)
  2 leopard geckos
  5 bats
  12 goblins
  6 hobgoblins (D:1)
  2 jackals (D:3)
  4 kobolds
  3 frilled lizards
  8 rats
46 creatures vanquished.

Notes
Turn   | Place    | Note
-------+----------+-------------------------------------------
     0 | D:1      | Delamore the Hill Orc Fighter began the quest for the Orb.
     0 | D:1      | Reached XP level 1. HP: 19/19 MP: 1/1
    28 | D:1      | Reached skill level 3 in Axes
    70 | D:1      | Reached XP level 2. HP: 26/26 MP: 2/2
    97 | D:1      | Reached skill level 4 in Axes
   237 | D:1      | Reached XP level 3. HP: 27/31 MP: 3/3
   937 | D:2      | Reached skill level 5 in Axes
  1229 | D:3      | Found a snail-covered altar of Cheibriados.
  1522 | D:3      | Reached XP level 4. HP: 39/39 MP: 4/4
  1611 | D:3      | Noticed a moth of wrath
  1614 | D:3      | Found a bloodstained altar of Trog.
  1626 | D:3      | Slain by a worm

Levels and vault maps discovered:
D:1:      beargit_arrival_greenhouse, layout_loops_cross, hangedman_decor_points
D:2:      layout_basic, hangedman_abyss_or_decor_lesser_grid
D:3:      layout_rooms, tgw_trog, lemuel_crystal_altar

Skill      XL: |  1  2  3 |
---------------+----------+-----
Axes           | 3 4 5 |  5.7
Fighting       | |  3.6
Armour         | |  3.2
Shields        | |  3.2

Action                   |  1- 3 |  4- 6 || total
-------------------------+-------+-------++-------
Melee: War axe           |   120 |     9 ||   129
  Eat: Chunk             |     2 |       ||     2
Armor: Scale mail        |    54 |     5 ||    59
Dodge: Dodged            |    39 |     4 ||    43
Block: Shield            |    74 |     5 ||    79
